 Dungeon Crawl Stone Soup version 0.24-a0-699-g5a66b1aa3b (webtiles) character file.

Game seed: 3086690810637695792, levelgen mode: deterministic

13 Heliosone the Firebug (level 2, -3/20 HPs)
             Began as a Draconian Fire Elementalist on Sept 29, 2019.
             Slain by a hobgoblin
             ... wielding a +0 club
              (4 damage)
             ... on level 1 of the Dungeon on Oct 6, 2019.
             The game lasted 00:03:12 (331 turns).

Heliosone the Firebug (Draconian Fire Elementalist)  Turns: 331, Time: 00:03:13

Health: -3/20      AC:  4    Str: 10    XL:     2   Next: 24%
Magic:  3/5        EV: 12    Int: 15    God:
Gold:   17         SH:  0    Dex: 11    Spells: 2/5 levels left

rFire    . . .     SeeInvis .   d - +0 short sword
rCold    . . .     Gourm    .   (no shield)
rNeg     . . .     Faith    .   (armour unavailable)
rPois    .         Spirit   .   (helmet restricted)
rElec    .         Reflect  .   (no cloak)
rCorr    .         Harm     .   (no gloves)
MR       .....                  (no boots)
Stlth    ++........             (no amulet)
HPRegen  0.06/turn              (no ring)
MPRegen  0.09/turn              (no ring)

@: no status effects
A: unfitting armour, cold-blooded, AC +4
a: no special abilities


You were on level 1 of the Dungeon.
You were not hungry.

You visited 1 branch of the dungeon, and saw 1 of its levels.

You collected 17 gold pieces.

Inventory:

Hand Weapons
 a - a cursed -1 club
 d - a +0 short sword (weapon)
Scrolls
 c - a scroll of teleportation {unknown}
Comestibles
 b - a ration


   Skills:
 - Level 1.7 Dodging
 - Level 1.7 Stealth
 - Level 2.0 Spellcasting
 + Level 2.3 Conjurations
 - Level 3.0 Fire Magic


You had 2 spell levels left.
You knew the following spells:

 Your Spells              Type           Power        Failure   Level  Hunger
a - Flame Tongue          Conj/Fire      #....        8%          1    #......
b - Throw Flame           Conj/Fire      #.....       11%         2    ###....

Your spell library contained the following spells:

 Spells                   Type           Power        Failure   Level  Hunger
 Conjure Flame            Conj/Fire      #.......     22%         3    ###....
 Inner Flame              Hex/Fire       #.......     34%         3    ###....
 Sticky Flame             Conj/Fire      #.......     58%         4    #####..
 Fireball                 Conj/Fire      #.........   90%         5    ######.


Dungeon Overview and Level Annotations

Branches:
Dungeon (1/15)

Altars:


Innate Abilities, Weirdness & Mutations

Your plain brown scales are hard. (AC +4)
You cannot fit into any form of body armour.
You are cold-blooded and may be slowed by cold attacks.


Message History

The hobgoblin misses you. The hobgoblin barely misses you.
The hobgoblin hits you with a +0 club. The hobgoblin closely misses you.
The hobgoblin hits you but does no damage. x2
The hobgoblin hits you with a +0 club. The hobgoblin closely misses you.
The hobgoblin barely misses you.
The hobgoblin hits you but does no damage.
The hobgoblin hits you with a +0 club. x2
The hobgoblin closely misses you. The hobgoblin hits you with a +0 club.
The hobgoblin hits you but does no damage.
The hobgoblin hits you with a +0 club.
The hobgoblin hits you but does no damage.
The hobgoblin barely misses you. The hobgoblin hits you with a +0 club!
* * * LOW HITPOINT WARNING * * *
The hobgoblin hits you with a +0 club.
* * * LOW HITPOINT WARNING * * *
The hobgoblin barely misses you. The hobgoblin closely misses you.
The hobgoblin barely misses you. x2
The hobgoblin barely misses you. The hobgoblin hits you with a +0 club.
You die...

# ... +# #.# #.# #.#
#.#.. #.# #.#.# #.#
#.#.#+#### #.#
#######+###.#......# #.#
#.....g@....#......# #..
......gg....#....[.###..
.....†#.#(#.#......##..#
..........)........#..#.
......#.#.#(#.##.....#(.
..............###...#...
......#.#)#.#..##....#..
...........>.....#....#.
..$..#.#.#.#....##....#


You could see 3 hobgoblins.

Vanquished Creatures
  A dart slug (D:1)
  3 goblins (D:1)
  2 hobgoblins (D:1)
  3 kobolds (D:1)
  A frilled lizard (D:1)
10 creatures vanquished.

Notes
Turn   | Place    | Note
-------+----------+-------------------------------------------
     0 | D:1      | Heliosone the Draconian Fire Elementalist began the quest
                  | for the Orb.
     0 | D:1      | Reached XP level 1. HP: 14/14 MP: 3/3
   209 | D:1      | Reached XP level 2. HP: 19/20 MP: 0/5
   263 | D:1      | Learned a level 2 spell: Throw Flame
   329 | D:1      | HP: 1/20 [hobgoblin/+0 club (1)]
   331 | D:1      | Slain by a hobgoblin

Levels and vault maps discovered:
D:1:      scummos_arrival_hexagon, layout_basic, st_stairs_8

Skill      XL: |  1 |
---------------+----+-----
Conjurations   | 2 |  2.3
Dodging        | |  1.7
Stealth        | |  1.7
Spellcasting   | |  2.0
Fire Magic     | |  3.0

Action                   || total
-------------------------++-------
Melee: Unarmed           ||     4
       Short sword       ||     6
 Cast: Flame Tongue      ||    13
       Throw Flame       ||     3
Armor: Skin              ||     9
Dodge: Dodged            ||    21

Table legend:
 A = Non-vault XP
 B = Vault XP
 C = Vault XP percentage of total XP
 D = Non-vault monster count
 E = Vault monster count
 F = Vault count percentage of total count
                 A         B        C        D         E       F
            +---------+---------+-------+---------+---------+-------
      Total |      17 |       2 |  10.5 |       9 |       1 |  10.0
            +---------+---------+-------+---------+---------+-------
        D:1 |      17 |       2 |  10.5 |       9 |       1 |  10.0
            +---------+---------+-------+---------+---------+-------
